SA
WALLA WALLA WALLEYE @ SYRACUSE STORM
06/25/2029
 
TOP OF THE 1ST
Walla Walla Walleye batting - Pitching for Syracuse Storm : RHP Chris Donahue
Pitching: RHP Chris Donahue
Batting: RHB Olubowale Akintimehin 0-0: Called Strike
0-1: Ground out 3-1 (Groundball, 34S)
Batting: LHB Johan Kroening 0-0: Swinging Strike
0-1: Ball
1-1: SINGLE (Line Drive, 3D)
Batting: RHB Ramón Yniguez 0-0: Ball
1-0: Ball
2-0: Grounds into double play, 6-4-3 (Groundball, 6)
Top of the 1st over - 0 runs, 1 hit, 0 errors, 0 left on base; Walla Walla 0 - Syracuse 0
BOTTOM OF THE 1ST
Syracuse Storm batting - Pitching for Walla Walla Walleye : RHP Jesús Vidro
Pitching: RHP Jesús Vidro
Batting: RHB Tsuginori Kobayashi 0-0: Called Strike
0-1: Ball
1-1: Foul Ball, location: 2F
1-2: Ball
2-2: Fly out, F7 (Flyball, 7LS)
Batting: RHB Dave Maxwell 0-0: Ball
1-0: Called Strike
1-1: Called Strike
1-2: Strikes out looking
Batting: LHB Juan Jimínez 0-0: Ball
1-0: Ball
2-0: Ball
3-0: Called Strike
3-1: Fly out, F8 (Line Drive, 89M)
Bottom of the 1st over - 0 runs, 0 hits, 0 errors, 0 left on base; Walla Walla 0 - Syracuse 0
TOP OF THE 2ND
Walla Walla Walleye batting - Pitching for Syracuse Storm : RHP Chris Donahue
Batting: RHB Luis Delvalle 0-0: Ball
1-0: Foul Ball, location: 2F
1-1: Foul Ball, location: 2F
1-2: Ball
2-2: Strikes out swinging
Batting: RHB Héctor Espiga 0-0: Ball
1-0: Ball
2-0: Called Strike
2-1: Ground out U3 (Groundball, 34)
Batting: RHB Tabor Muzquiz 0-0: Ball
1-0: Ball
2-0: Ball
3-0: Base on Balls
Batting: RHB José de la Cavallería 0-0: Fly out, F7 (Line Drive, 7D)
Top of the 2nd over - 0 runs, 0 hits, 0 errors, 1 left on base; Walla Walla 0 - Syracuse 0
BOTTOM OF THE 2ND
Syracuse Storm batting - Pitching for Walla Walla Walleye : RHP Jesús Vidro
Batting: RHB Vince Staples 0-0: Ball
1-0: Foul Ball, location: 2F
1-1: SINGLE (Groundball, 56D)
Batting: LHB William Duffy 0-0: Called Strike
0-1: Fly out, F7 (Flyball, 7LS)
Batting: RHB Scotty Smalls 0-0: Ball
1-0: Ball
2-0: Called Strike
2-1: Swinging Strike
2-2: Fielders Choice at 2nd, 4-6 (Groundball, 4)
Batting: LHB Mike Clifton 0-0: Foul Ball, location: 2F
0-1: Foul Ball, location: 2F
0-2: Foul Ball, location: 2F
0-2: Fly out, F8 (Flyball, 78M)
Bottom of the 2nd over - 0 runs, 1 hit, 0 errors, 1 left on base; Walla Walla 0 - Syracuse 0
TOP OF THE 3RD
Walla Walla Walleye batting - Pitching for Syracuse Storm : RHP Chris Donahue
Batting: RHB Corey Hines 0-0: Ball
1-0: SINGLE (Line Drive, 34D)
Batting: LHB Mo Eayrs 0-0: Called Strike
0-1: Ball
1-1: Ball
2-1: Ball
3-1: Base on Balls
Corey Hines to second
Batting: RHB Olubowale Akintimehin 0-0: SINGLE (Line Drive, 6D)
Corey Hines to third
Mo Eayrs to second
Batting: LHB Johan Kroening 0-0: Swinging Strike
0-1: Ball
1-1: SINGLE (Groundball, 34D)
Corey Hines scores
Mo Eayrs to third
Olubowale Akintimehin to second
Runner from 3rd tries for Home, SAFE, no throw
Batting: RHB Ramón Yniguez 0-0: Ball
1-0: Swinging Strike
1-1: Foul Ball, location: 2F
1-2: Foul Ball, location: 2F
1-2: Foul Ball, location: 2F
1-2: Fly out, F5 (Line Drive, 5)
Batting: RHB Luis Delvalle 0-0: Ball
1-0: Ball
2-0: Called Strike
2-1: Called Strike
2-2: Foul Ball, location: 2F
2-2: Ball
3-2: Base on Balls
Olubowale Akintimehin to third
Johan Kroening to second
Batting: RHB Héctor Espiga 0-0: Ball
1-0: Ball
2-0: Foul Ball, location: 2F
2-1: Ball
3-1: Fielders Choice at 2nd, 6-4 (Groundball, 6)
Olubowale Akintimehin scores
Johan Kroening to third
Batting: RHB Tabor Muzquiz 0-0: Ball
1-0: Ball
2-0: Fly out, F8 (Flyball, 8RD)
Top of the 3rd over - 3 runs, 3 hits, 0 errors, 2 left on base; Walla Walla 3 - Syracuse 0
BOTTOM OF THE 3RD
Syracuse Storm batting - Pitching for Walla Walla Walleye : RHP Jesús Vidro
Batting: RHB Harry MacCash 0-0: Ball
1-0: Ball
2-0: Foul Ball, location: 2F
2-1: Ball
3-1: Fly out, F7 (Flyball, 7)
Batting: LHB Hirohisa Wada 0-0: Ground out 4-3 (Groundball, 4)
Batting: RHB Tsuginori Kobayashi 0-0: Fly out, F8 (Flyball, 8LD)
Bottom of the 3rd over - 0 runs, 0 hits, 0 errors, 0 left on base; Walla Walla 3 - Syracuse 0
TOP OF THE 4TH
Walla Walla Walleye batting - Pitching for Syracuse Storm : RHP Chris Donahue
Batting: RHB José de la Cavallería 0-0: Ground out 1-3 (Groundball, 15S)
Batting: RHB Corey Hines 0-0: Ball
1-0: Ball
2-0: Ball
3-0: Swinging Strike
3-1: Ground out 4-3 (Groundball, 4)
Batting: LHB Mo Eayrs 0-0: Foul Ball, location: 2F
0-1: Called Strike
0-2: Foul Ball, location: 2F
0-2: TRIPLE (Flyball, 9LD)
Batting: RHB Olubowale Akintimehin 0-0: Called Strike
0-1: Ball
1-1: Foul Ball, location: 2F
1-2: SINGLE (Groundball, 4MD)
Mo Eayrs scores
Batting: LHB Johan Kroening 0-0: Called Strike
0-1: Fly out, F4 (Flyball, 34D)
Top of the 4th over - 1 run, 2 hits, 0 errors, 1 left on base; Walla Walla 4 - Syracuse 0
BOTTOM OF THE 4TH
Syracuse Storm batting - Pitching for Walla Walla Walleye : RHP Jesús Vidro
Batting: RHB Dave Maxwell 0-0: Ball
1-0: Ball
2-0: Ball
3-0: Base on Balls
Batting: LHB Juan Jimínez 0-0: Ball
1-0: Ball
2-0: Ball
3-0: Swinging Strike
3-1: Fly out, F9 (Flyball, 89M)
Batting: RHB Vince Staples 0-0: Ball
1-0: Foul Ball, location: 2F
1-1: Foul Ball, location: 2F
1-2: Ball
Wild Pitch!
Dave Maxwell to second
2-2: Foul Ball, location: 2F
2-2: Ball
3-2: Base on Balls
Batting: LHB William Duffy 0-0: Called Strike
0-1: Ball
1-1: Ball
2-1: Ball
3-1: Base on Balls
Dave Maxwell to third
Vince Staples to second
Batting: RHB Scotty Smalls 0-0: Ball
1-0: Grounds into double play, 6-4-3 (Groundball, 6)
Bottom of the 4th over - 0 runs, 0 hits, 0 errors, 2 left on base; Walla Walla 4 - Syracuse 0
TOP OF THE 5TH
Walla Walla Walleye batting - Pitching for Syracuse Storm : RHP Chris Donahue
Batting: RHB Ramón Yniguez 0-0: DOUBLE (Groundball, 5L)
Batting: RHB Luis Delvalle 0-0: Intentional Walk
Batting: RHB Héctor Espiga 0-0: Called Strike
0-1: Foul Ball, location: 2F
0-2: Ball
1-2: Foul Ball, location: 2F
1-2: Strikes out looking
Batting: RHB Tabor Muzquiz 0-0: Ball
1-0: Ball
2-0: Foul Ball, location: 2F
2-1: Ball
3-1: Base on Balls
Ramón Yniguez to third
Luis Delvalle to second
Batting: RHB José de la Cavallería 0-0: Fly out, F7 (Line Drive, 7)
Runner from 3rd tags up, SCORES, throw made
Batting: RHB Corey Hines 0-0: Ground out 6-3 (Groundball, 56D)
Top of the 5th over - 1 run, 1 hit, 0 errors, 2 left on base; Walla Walla 5 - Syracuse 0
BOTTOM OF THE 5TH
Syracuse Storm batting - Pitching for Walla Walla Walleye : RHP Jesús Vidro
Batting: LHB Mike Clifton 0-0: Called Strike
0-1: Foul Ball, location: 2F
0-2: Ball
1-2: Ground out 4-3 (Groundball, 4)
Batting: RHB Harry MacCash 0-0: Ball
1-0: Ball
2-0: Foul Ball, location: 2F
2-1: Ball
3-1: Base on Balls
Batting: LHB Hirohisa Wada 0-0: Called Strike
0-1: Foul Ball, location: 2F
0-2: Foul Ball, location: 2F
0-2: Foul Ball, location: 2F
0-2: Ball
1-2: Fly out, F5 (Popup, 15)
Batting: RHB Tsuginori Kobayashi 0-0: Called Strike
0-1: Called Strike
0-2: Ground out 5-3 (Groundball, 56S)
Bottom of the 5th over - 0 runs, 0 hits, 0 errors, 1 left on base; Walla Walla 5 - Syracuse 0
TOP OF THE 6TH
Walla Walla Walleye batting - Pitching for Syracuse Storm : RHP Chris Donahue
Batting: LHB Mo Eayrs 0-0: Ball
1-0: Called Strike
1-1: Foul Ball, location: 2F
1-2: Ball
2-2: DOUBLE (Line Drive, 78D)
Batting: RHB Olubowale Akintimehin 0-0: Called Strike
0-1: Ball
1-1: Fly out, F8 (Flyball, 8RD)
Batting: LHB Johan Kroening 0-0: Fly out, F6 (Popup, P)
Batting: RHB Ramón Yniguez 0-0: Ball
1-0: Swinging Strike
1-1: Swinging Strike
1-2: Foul Ball, location: 2F
1-2: Strikes out swinging
Top of the 6th over - 0 runs, 1 hit, 0 errors, 1 left on base; Walla Walla 5 - Syracuse 0
BOTTOM OF THE 6TH
Syracuse Storm batting - Pitching for Walla Walla Walleye : RHP Jesús Vidro
Batting: RHB Dave Maxwell 0-0: Swinging Strike
0-1: Ball
1-1: Ball
2-1: Ball
3-1: Base on Balls
Batting: LHB Juan Jimínez 0-0: Ball
1-0: Called Strike
1-1: Grounds into double play, 4-6-3 (Groundball, 4)
Batting: RHB Vince Staples 0-0: Ball
1-0: SINGLE (Groundball, 6D)
Batting: LHB William Duffy 0-0: SINGLE (Groundball, 34S) (infield hit)
Vince Staples to second
Batting: RHB Scotty Smalls 0-0: Foul Ball, location: 2F
0-1: SINGLE (Groundball, 4D)
Vince Staples to third
William Duffy to second
Runner from 3rd tries for Home, SAFE, no throw
Batting: LHB Mike Clifton 0-0: Foul Ball, location: 2F
0-1: DOUBLE (Line Drive, 8RD)
William Duffy scores
Scotty Smalls to third
Batting: RHB Harry MacCash 0-0: Foul Ball, location: 2F
0-1: Foul Ball, location: 2F
0-2: SINGLE (Line Drive, 3D)
Scotty Smalls scores
Mike Clifton to third
Batting: LHB Hirohisa Wada 0-0: Ball
1-0: Ground out U3 (Groundball, 3L)
Bottom of the 6th over - 3 runs, 5 hits, 0 errors, 2 left on base; Walla Walla 5 - Syracuse 3
TOP OF THE 7TH
Walla Walla Walleye batting - Pitching for Syracuse Storm : RHP Chris Donahue
Batting: RHB Luis Delvalle 0-0: Called Strike
0-1: SINGLE (Line Drive, 6MD)
Batting: RHB Héctor Espiga 0-0: Ball
1-0: Ball
2-0: Called Strike
2-1: Foul Ball, location: 2F
2-2: Ball
3-2: SINGLE (Line Drive, 9S)
Luis Delvalle to second
Pitching: RHP John Vaillancourt
Batting: RHB Tabor Muzquiz 0-0: Bunted foul
0-1: Sac Bunt - play at first, batter OUT! 1-4
Luis Delvalle to third
Héctor Espiga to second
Pinch Hitting: SHB Raúl Mateo 0-0: Intentional Walk
Pinch Hitting: RHB Cody Jaeckel 0-0: Swinging Strike
0-1: Ball
1-1: Foul Ball, location: 2F
1-2: Ball
2-2: Strikes out swinging
Pinch Hitting: RHB Bobby Ochs 0-0: Hit by Pitch
Luis Delvalle scores
Héctor Espiga to third
Raúl Mateo to second
Batting: RHB Olubowale Akintimehin 0-0: Foul Ball, location: 2F
0-1: Foul Ball, location: 2F
0-2: Ball
1-2: Foul Ball, location: 2F
1-2: Strikes out swinging
Top of the 7th over - 1 run, 2 hits, 0 errors, 3 left on base; Walla Walla 6 - Syracuse 3
BOTTOM OF THE 7TH
Syracuse Storm batting - Pitching for Walla Walla Walleye : RHP Jesús Vidro
Now at 3B: Leonardo Medina
Now at SS: Raúl Mateo
Now in CF: Cody Jaeckel
Batting: RHB Tsuginori Kobayashi 0-0: Swinging Strike
0-1: Ball
1-1: Ball
2-1: Swinging Strike
2-2: Ball
3-2: Foul Ball, location: 2F
3-2: SINGLE (Groundball, 6MD)
Pitching: LHP Quan Shiu
Batting: RHB Dave Maxwell 0-0: Ball
1-0: Bunted foul
1-1: Ball
2-1: Sac Bunt - play at first, batter OUT! 3-4
Tsuginori Kobayashi to second
Batting: LHB Juan Jimínez 0-0: SINGLE (Flyball, 7S)
Tsuginori Kobayashi to third
Runner from 3rd tries for Home, SAFE, no throw
Batting: RHB Vince Staples 0-0: Ball
1-0: Ball
2-0: Foul Ball, location: 2F
2-1: Foul Ball, location: 2F
2-2: Foul Ball, location: 2F
2-2: SINGLE (Groundball, 6) (infield hit)
Juan Jimínez to second
Batting: LHB William Duffy 0-0: Called Strike
0-1: Ball
1-1: Ball
2-1: SINGLE (Line Drive, 6M)
Juan Jimínez to third
Vince Staples to second
Batting: RHB Scotty Smalls 0-0: SINGLE (Line Drive, 8RS)
Juan Jimínez scores
Vince Staples to third
William Duffy to second
Batting: LHB Mike Clifton 0-0: Ball
1-0: Swinging Strike
1-1: Called Strike
1-2: Strikes out swinging
Batting: RHB Harry MacCash 0-0: Ball
1-0: Ball
Wild Pitch!
Vince Staples scores
William Duffy to third
Scotty Smalls to second
2-0: Called Strike
2-1: Ball
3-1: Fly out, F8 (Line Drive, 8RD)
Bottom of the 7th over - 3 runs, 5 hits, 0 errors, 2 left on base; Walla Walla 6 - Syracuse 6
TOP OF THE 8TH
Walla Walla Walleye batting - Pitching for Syracuse Storm : RHP John Vaillancourt
Batting: LHB Johan Kroening 0-0: Called Strike
0-1: Ball
1-1: Ball
2-1: Swinging Strike
2-2: Strikes out swinging
Batting: RHB Ramón Yniguez 0-0: Foul Ball, location: 2F
0-1: Ball
1-1: Ball
2-1: Foul Ball, location: 2F
2-2: Strikes out looking
Batting: RHB Luis Delvalle 0-0: Foul Ball, location: 2F
0-1: DOUBLE (Line Drive, 78D)
Batting: RHB Héctor Espiga 0-0: Called Strike
0-1: Ball
1-1: Swinging Strike
1-2: Ball
2-2: Strikes out swinging
Top of the 8th over - 0 runs, 1 hit, 0 errors, 1 left on base; Walla Walla 6 - Syracuse 6
BOTTOM OF THE 8TH
Syracuse Storm batting - Pitching for Walla Walla Walleye : LHP Quan Shiu
Pinch Hitting: RHB Juan Perales 0-0: Ball
1-0: Called Strike
1-1: Ball
2-1: Foul Ball, location: 2F
2-2: Fly out, F7 (Flyball, 7S)
Batting: RHB Tsuginori Kobayashi 0-0: Foul Ball, location: 2F
0-1: Called Strike
0-2: Strikes out swinging
Batting: RHB Dave Maxwell 0-0: Swinging Strike
0-1: Ball
1-1: Ball
2-1: Swinging Strike
2-2: Foul Ball, location: 2F
2-2: Fly out, F9 (Flyball, 9)
Bottom of the 8th over - 0 runs, 0 hits, 0 errors, 0 left on base; Walla Walla 6 - Syracuse 6
TOP OF THE 9TH
Walla Walla Walleye batting - Pitching for Syracuse Storm : RHP John Vaillancourt
Pitching: RHP Matthew Fallows
Now in CF: Juan Perales
Batting: RHB Tabor Muzquiz 0-0: Ball
1-0: Called Strike
1-1: Ball
2-1: Ground out 5-3 (Groundball, 56S)
Batting: SHB Raúl Mateo 0-0: Ball
1-0: Ball
2-0: SINGLE (Line Drive, 34D)
Batting: RHB Cody Jaeckel 0-0: Ball
1-0: Ball
2-0: Ball
3-0: Called Strike
3-1: Base on Balls
Raúl Mateo to second
Batting: RHB Leonardo Medina 0-0: Ball
Raúl Mateo steals 3rd base
Cody Jaeckel to second
1-0: Intentional Walk
Batting: RHB Olubowale Akintimehin 0-0: Ball
1-0: Swinging Strike
1-1: Foul Ball, location: 2F
1-2: Ball
2-2: Foul Ball, location: 2F
2-2: Ball
3-2: DOUBLE (Line Drive, 7LM)
Raúl Mateo scores
Cody Jaeckel scores
Leonardo Medina to third
Runner from 3rd tries for Home, SAFE, no throw
Batting: LHB Johan Kroening 0-0: Ball
1-0: Foul Ball, location: 2F
1-1: Called Strike
1-2: Strikes out swinging
Batting: RHB Ramón Yniguez 0-0: Foul Ball, location: 2F
0-1: Ball
1-1: Swinging Strike
1-2: Ball
Wild Pitch!
Olubowale Akintimehin to third
2-2: Strikes out swinging
Top of the 9th over - 3 runs, 2 hits, 0 errors, 1 left on base; Walla Walla 9 - Syracuse 6
BOTTOM OF THE 9TH
Syracuse Storm batting - Pitching for Walla Walla Walleye : LHP Quan Shiu
Batting: LHB Juan Jimínez 0-0: Called Strike
0-1: Fly out, F9 (Line Drive, 89S)
Batting: RHB Vince Staples 0-0: Ball
1-0: Foul Ball, location: 2F
1-1: SINGLE (Line Drive, 8LS)
Batting: LHB William Duffy 0-0: Called Strike
0-1: Fielders Choice at 2nd, 5-4 (Groundball, 56)
Batting: RHB Scotty Smalls 0-0: DOUBLE (Line Drive, 89D)
William Duffy to third
Pinch Hitting: LHB Gidde Collin 0-0: Fly out, F4 (Line Drive, 4M)
Bottom of the 9th over - 0 runs, 2 hits, 0 errors, 2 left on base; Walla Walla 9 - Syracuse 6
Tuesday, December 19th, 2017 - OOTP Baseball 18.8 Build 76